Map: Ascension to Aiur LE

Players

Juxtapose

  • Race: Terran Terran
  • League: Gold
  • Spawn Location: 11:00

Salonic - Winner!

  • Race: Terran Terran
  • League: Platinum
  • Spawn Location: 5:00

VOD

https://youtu.be/CiEI_IA9x9M

Description

This is a good match for me to learn from, what with my Terran vs Terran game being so weak.

I should have gone for Siege Tanks, of course, but my opponent's drop harass really threw me off.

Time

  • Played on: Nov. 21, 2017, 7:18 p.m.
  • Length: 8:02
Show
View Real Time Build Order
Export as new Build Order

Juxtapose Terran 

Build Orders:  

Get SALT Encoding   

  12  0:01  SCV  
  13  0:13  SCV  
  14  0:20  Supply Depot  
  14  0:25  SCV  
  15  0:42  SCV  
  16  0:44  Barracks  
  16  0:47  Supply Depot  
  16  0:54  SCV  
  17  1:03  Refinery  
  17  1:06  SCV  
  18  1:18  SCV  
  19  1:19  Refinery  
  19  1:32  Orbital Command  
  19  2:02  SCV  
  19  2:07  Factory  
  20  2:15  SCV  
  21  2:17  Barracks Reactor  
  21  2:26  Engineering Bay  
  21  2:27  SCV  
  22  2:32  Supply Depot  
  22  2:39  SCV  
  23  2:51  SCV  
  24  2:56  Factory Reactor, Marine  
  24  2:57  Marine, Supply Depot  
  26  3:05  Terran Infantry Weapons Level 1  
  26  3:17  Marine x2  
  28  3:30  Missile Turret  
  28  3:35  Marine x2  
  28  3:38  Cyclone x2  
  36  3:44  Bunker  
  35  4:01  Marine x2  
  37  4:10  Cyclone  
  37  4:11  Cyclone  
  43  4:19  Marine x2  
  45  4:27  Supply Depot  
  45  4:36  Marine  
  45  4:37  Marine  
  47  4:43  Cyclone  
  50  4:54  Marine x2  
  50  4:56  Starport  
  52  5:12  Marine x2  
  54  5:19  Command Center  
  52  5:30  Marine x2  
  46  5:54  Starport Reactor  
  46  6:00  Supply Depot  
  46  6:23  Supply Depot  
  46  6:33  Marine x2  
  46  6:34  Medivac x2  
  52  6:43  Cyclone x2  
  58  6:50  Missile Turret  
  39  6:58  Orbital Command  
  39  7:00  Marine x2  
  37  7:12  SCV  
  37  7:15  Cyclone x2  
  44  7:23  Bunker  
  44  7:24  SCV  
  44  7:26  Marine x2  
  50  7:34  Barracks, SCV  
  50  7:36  SCV  
  52  7:40  Refinery  
  52  7:46  SCV  
Show
View Real Time Build Order
Export as new Build Order

Salonic Terran - Winner!

Build Orders: 1/1/1, Cyclone Opening 

Get SALT Encoding   

  12  0:02  SCV  
  13  0:14  SCV  
  13  0:17  Supply Depot  
  14  0:27  SCV  
  15  0:28  Refinery  
  15  0:39  SCV  
  16  0:46  Barracks  
  16  0:51  SCV  
  17  1:03  SCV  
  18  1:05  Refinery  
  18  1:15  SCV  
  19  1:33  Orbital Command  
  19  1:34  Marine  
  20  1:41  Factory  
  20  2:04  SCV  
  20  2:06  Marine  
  22  2:13  Supply Depot  
  22  2:19  SCV  
  23  2:28  Starport  
  23  2:35  Cyclone, SCV  
  27  2:48  Barracks Reactor  
  27  3:02  Command Center  
  27  3:04  SCV  
  28  3:15  Medivac  
  28  3:16  Factory Tech Lab, SCV  
  31  3:27  Supply Depot  
  31  3:48  Marine x2, Medivac, SCV  
  31  3:49  Siege Tank  
  31  3:55  Engineering Bay  
  39  4:01  Engineering Bay  
  39  4:14  SCV  
  40  4:17  Supply Depot  
  40  4:19  Orbital Command  
  40  4:26  SCV  
  40  4:28  Marine x2  
  46  4:31  Siege Tank  
  46  4:52  SCV x2  
  48  4:57  Supply Depot  
  48  4:58  Supply Depot  
  48  4:59  Marine x2  
  50  5:01  Barracks  
  50  5:03  Medivac  
  50  5:05  SCV x2  
  54  5:25  Marine  
  54  5:26  Marine  
  56  5:31  Siege Tank  
  58  5:43  Marine x2  
  51  5:54  Barracks Tech Lab  
  51  5:57  Terran Infantry Weapons Level 1, Terran Infantry Armor Level 1  
  51  6:01  Marine x2  
  51  6:03  Armory  
  53  6:04  Medivac  
  53  6:09  SCV x2  
  57  6:19  Marine  
  57  6:21  SCV x2  
  57  6:23  Marine  
  57  6:24  Siege Tank  
  64  6:29  Command Center  
  64  6:31  Marauder  
  66  6:33  SCV x2  
  66  6:37  Marine  
  66  6:38  Refinery  
  69  6:40  Refinery, Marine  
  69  6:45  SCV x2  
  69  7:00  SCV x2  
  71  7:02  Marine x3  
  71  7:05  Medivac  
  76  7:12  SCV x2  
  78  7:21  Command Center  
  78  7:47  SCV  
  78  7:50  SCV  
Tags
 
Add a new tag
Caveats
  • Supply blocks, unpowered buildings, or Contaminate may cause inaccurate times.
  • Supply counts are checked every 10 seconds.